Map: Oblivion Express

Players

NamroodTuo

  • Race: Terran Terran

doberman

  • Race: Terran Terran
  • Spawn Location: 12:00

VOD

Have the link to the VOD?

Description

Time

  • Played on: June 17, 2023, 2:02 p.m.
  • Length: 24:27
Show
View Real Time Build Order
Export as new Build Order

NamroodTuo Terran 

Build Orders:  

Get SALT Encoding   

  12  0:07  SCV  
  13  0:15  SCV  
  14  0:23  SCV  
  15  0:36  Barracks  
  15  0:55  Supply Bunker  
  15  1:15  SCV  
  16  1:21  Supply Bunker  
  16  1:23  SCV  
  16  1:27  Engineering Bay  
  17  1:31  SCV  
  18  2:20  SCV  
  18  2:22  Missile Turret  
  18  2:28  SCV  
  20  2:35  Refinery  
  20  2:39  SCV  
  21  2:44  Refinery  
  21  2:59  Supply Bunker  
  21  3:01  SCV  
  21  3:09  SCV  
  23  3:17  SCV  
  24  3:25  SCV  
  25  3:33  SCV  
  25  3:35  Dominion Trooper  
  26  3:41  SCV  
  26  3:49  SCV  
  28  3:52  Terran Infantry Weapons Level 1  
  29  4:04  Dominion Trooper  
  30  4:12  Dominion Trooper  
  31  4:20  Dominion Trooper  
  31  4:28  Dominion Trooper  
  33  4:36  Dominion Trooper  
  34  4:44  Dominion Trooper  
  34  4:54  SCV  
  35  5:02  SCV  
  36  5:10  SCV  
  36  5:17  Ghost Academy  
  38  5:27  Dominion Trooper  
  39  5:35  Dominion Trooper  
  40  5:43  Dominion Trooper  
  41  5:51  Dominion Trooper  
  41  5:59  Dominion Trooper  
  43  6:07  Dominion Trooper  
  43  6:31  Terran Infantry Armor Level 1  
  44  6:50  Dominion Trooper  
  44  6:58  Dominion Trooper  
  44  7:06  Dominion Trooper  
  45  7:14  Dominion Trooper  
  46  7:22  Dominion Trooper  
  47  7:30  Dominion Trooper  
  47  7:38  Dominion Trooper  
  49  7:46  Dominion Trooper  
  50  7:53  Command Center  
  50  7:54  Dominion Trooper  
  51  8:02  Dominion Trooper, Supply Bunker  
  51  8:11  Supply Bunker  
  52  8:30  Dominion Trooper  
  52  8:38  Dominion Trooper  
  54  8:46  Dominion Trooper  
  55  8:54  Dominion Trooper  
  56  9:02  Dominion Trooper  
  56  9:10  Dominion Trooper  
  56  9:11  Orbital Trooper Pods  
  56  9:18  Dominion Trooper  
  58  9:26  Dominion Trooper  
  58  9:28  SCV  
  59  9:36  SCV  
  61  9:52  Dominion Trooper  
  61  9:57  Command Center  
  62  10:00  Dominion Trooper  
  62  10:03  Factory  
  62  10:08  Dominion Trooper  
  64  10:10  Ghost  
  64  10:11  Neosteel Armor  
  64  10:15  Dominion Trooper  
  69  10:23  Dominion Trooper  
  70  10:31  Dominion Trooper  
  70  10:39  Dominion Trooper  
  71  10:50  Marauder  
  71  10:53  SCV  
  76  11:01  SCV  
  76  11:03  Dominion Trooper  
  76  11:09  SCV  
  78  11:17  SCV  
  78  11:19  Dominion Trooper  
  81  11:25  SCV  
  81  11:27  Dominion Trooper  
  81  11:29  Supply Bunker  
  83  11:33  SCV  
  83  11:35  Dominion Trooper  
  85  11:41  SCV  
  85  11:43  Dominion Trooper  
  85  11:49  SCV  
  88  11:51  Dominion Trooper, Supply Bunker  
  88  11:59  Dominion Trooper  
  89  12:07  Dominion Trooper  
  90  12:12  Armory  
  90  12:15  Dominion Trooper  
  92  13:02  Dominion Trooper  
  92  13:06  Dominion Trooper  
  99  13:10  Dominion Trooper x7, Supply Bunker  
  99  13:14  Dominion Trooper  
  99  13:18  Dominion Trooper  
  101  13:21  Dominion Trooper  
  101  13:26  Dominion Trooper  
  101  13:28  Dominion Trooper x6, Supply Bunker  
  101  13:29  Dominion Trooper  
  116  13:31  Dominion Trooper x6, Supply Bunker  
  116  13:34  Dominion Trooper  
  116  13:36  Dominion Trooper x6, Supply Bunker  
  116  13:37  Dominion Trooper  
  124  13:42  Dominion Trooper  
  124  13:45  Dominion Trooper  
  126  13:50  Dominion Trooper  
  126  13:53  Dominion Trooper  
  126  13:58  Dominion Trooper  
  128  14:01  Dominion Trooper  
  128  14:02  Smart Servos  
  128  14:04  Terran Infantry Weapons Level 2  
  128  14:30  Dominion Trooper x2  
  128  14:37  Dominion Trooper  
  128  14:38  Dominion Trooper  
  129  14:45  Dominion Trooper  
  129  14:46  Dominion Trooper  
  128  14:53  Dominion Trooper  
  128  14:54  Dominion Trooper  
  125  15:01  Dominion Trooper  
  125  15:02  Dominion Trooper  
  125  15:09  Dominion Trooper  
  127  15:10  Dominion Trooper  
  127  15:17  Dominion Trooper  
  127  15:18  Dominion Trooper  
  129  15:25  Dominion Trooper  
  129  15:26  Dominion Trooper  
  128  15:33  Dominion Trooper  
  128  15:34  Dominion Trooper  
  130  15:41  Dominion Trooper  
  130  15:42  Dominion Trooper  
  130  15:49  Dominion Trooper  
  132  15:50  Dominion Trooper  
  132  15:57  Dominion Trooper x2  
  140  16:00  Dominion Trooper x6, Supply Bunker  
  140  16:05  Dominion Trooper x2  
  141  16:13  Dominion Trooper x2  
  130  16:36  Dominion Trooper  
  130  16:37  Dominion Trooper  
  129  16:44  Dominion Trooper  
  129  16:45  Dominion Trooper  
  128  16:52  Dominion Trooper  
  128  16:53  Dominion Trooper  
  128  17:00  Dominion Trooper  
  128  17:01  Dominion Trooper  
  128  17:08  Dominion Trooper  
  128  17:09  Dominion Trooper  
  130  17:14  Terran Infantry Armor Level 2  
  130  17:16  Dominion Trooper  
  130  17:17  Dominion Trooper  
  126  17:24  Dominion Trooper  
  126  17:25  Dominion Trooper  
  122  17:32  Dominion Trooper  
  122  17:33  Dominion Trooper  
  112  17:40  Dominion Trooper x2, SCV  
  112  17:48  Dominion Trooper, SCV  
  114  17:56  Dominion Trooper, SCV  
  114  18:04  Dominion Trooper  
  112  18:12  Dominion Trooper x2  
  112  18:14  Dominion Trooper x6, Supply Bunker  
  118  18:20  Dominion Trooper x2  
  118  18:27  Dominion Trooper  
  118  18:28  Dominion Trooper  
  121  18:35  Dominion Trooper  
  121  18:36  Dominion Trooper  
  122  18:43  Dominion Trooper  
  122  18:44  Dominion Trooper  
  120  18:51  Dominion Trooper  
  120  18:52  Dominion Trooper  
  120  18:59  Dominion Trooper  
  123  19:00  Dominion Trooper  
  123  19:07  Dominion Trooper  
  123  19:08  Dominion Trooper  
  126  19:15  Dominion Trooper  
  126  19:16  Dominion Trooper  
  117  19:40  Marauder  
  121  20:10  Marauder  
  125  20:24  Terran Infantry Weapons Level 3  
  124  20:40  Marauder  
  128  20:53  Dominion Trooper x6, Supply Bunker  
  122  21:10  Marauder  
  127  21:36  Dominion Trooper x2  
  129  21:44  Dominion Trooper x2  
  131  21:52  Dominion Trooper x2  
  133  22:00  Dominion Trooper x2  
  133  22:08  Dominion Trooper x2  
  137  22:16  Dominion Trooper x2  
  139  22:23  Dominion Trooper  
  139  22:24  Dominion Trooper  
  139  22:29  Ghost  
  145  22:31  Dominion Trooper  
  145  22:32  Dominion Trooper  
  145  22:39  Dominion Trooper  
  148  22:40  Dominion Trooper  
  148  22:47  Dominion Trooper  
  148  22:48  Dominion Trooper  
  151  22:55  Dominion Trooper  
  151  22:56  Dominion Trooper  
  149  23:20  Dominion Trooper  
  149  23:21  Dominion Trooper  
  149  23:28  Dominion Trooper  
  149  23:29  Dominion Trooper  
  153  23:36  Dominion Trooper  
  153  23:37  Dominion Trooper  
  155  23:44  Dominion Trooper  
  155  23:45  Dominion Trooper  
  157  23:52  Dominion Trooper  
  157  23:53  Dominion Trooper  
  159  24:00  Dominion Trooper  
  159  24:01  Dominion Trooper  
  159  24:08  Dominion Trooper  
  159  24:09  Dominion Trooper  
Show
View Real Time Build Order
Export as new Build Order

doberman Terran 

Build Orders:  

Get SALT Encoding   

  12  0:21  Barracks  
  12  2:47  Elite Marine  
  16  3:10  Refinery  
  16  4:18  SCV  
  17  4:49  Railgun Turret  
  17  5:16  Railgun Turret  
  17  5:44  Railgun Turret  
  17  6:12  Railgun Turret  
  17  6:29  Factory  
  17  6:34  Ghost Visor  
  17  6:41  Railgun Turret  
  17  9:25  Command Center  
  17  9:57  Factory Tech Lab  
  17  10:05  Starport  
  17  10:16  SCV  
  18  10:33  SCV  
  19  10:50  SCV  
  20  11:27  Refinery  
  20  11:34  Starport Tech Lab  
  19  11:49  Instant Regeneration  
  16  12:32  Heavy Siege Tank  
  22  13:51  Raven Type-II  
  18  16:05  Instant Regeneration  
  18  16:10  Strike Goliath  
  18  16:14  Hellbat Rangers  
  26  16:55  Raven Type-II  
  28  17:03  SCV  
  29  17:20  SCV  
  30  17:37  SCV  
  25  17:54  SCV  
  24  18:11  SCV  
  25  19:42  Covert Banshee  
  31  21:01  Defensive Drone  
  29  22:01  Strike Goliath  
  29  22:07  Covert Banshee  
  41  22:12  Raven Type-II  
  35  23:51  Heavy Siege Tank  
  41  24:04  Defensive Drone  
Tags
 
Commander
MengskNova
Matchup
Co-op
Replay Pack
Multiplayer
Add a new tag
Caveats
  • Supply blocks, unpowered buildings, or Contaminate may cause inaccurate times.
  • Supply counts are checked every 10 seconds.